 Dungeon Crawl Stone Soup version 0.31-a0-986-g5e6e4ef867 (webtiles) character file.

Game seed: 3367739707930711200

267 sammy202020 the Shield-Bearer (level 6, 0/55 HPs)
             Began as a Minotaur Fighter on Nov 24, 2023.
             Killed by divine providence
             ... invoked by an orc priest
              (11 damage)
             ... on level 3 of the Dungeon.
             The game lasted 00:02:24 (1950 turns).

sammy202020 the Shield-Bearer (Minotaur Fighter)    Turns: 1950, Time: 00:02:25

Health: 0/55       AC:  7    Str: 20    XL:     6   Next: 0%
Magic:  5/5        EV: 10    Int:  7    God:
Gold:   93         SH:  5    Dex: 10    Spells: 5/5 levels left

rFire   . . .        a - +0 war axe
rCold   . . .        c - +0 buckler
rNeg    . . .        b - +0 scale mail
rPois   .            (helmet restricted)
rElec   .            (no cloak)
rCorr   .            (no gloves)
SInv    .            (no boots)
Will    .....        (no amulet) Stlth
                     (no ring)
HPRegen 0.29/turn    (no ring)
MPRegen 0.09/turn

%: no passive effects
@: mighty
A: horns 2, retaliatory headbutt
a: no special abilities


You were on level 3 of the Dungeon.
You visited 1 branch of the dungeon, and saw 3 of its levels.

You collected 93 gold pieces.

Inventory:

Hand Weapons
 a - a +0 war axe (weapon)
 l - a +0 mace
Armour
 b - a +0 scale mail (worn)
 c - a +0 buckler (worn)
Wands
 k - a wand of polymorph (16)
Scrolls
 f - 2 scrolls of teleportation
 h - a scroll of blinking {unknown}
 i - a scroll of revelation {unknown}
 j - 5 scrolls of identify {unknown}
 n - a scroll of fear {unknown}
 o - a scroll of torment {unknown}
Potions
 d - a potion of might
 e - 3 potions of curing {unknown}
 g - 2 potions of invisibility {unknown}
 m - a potion of attraction {unknown}


   Skills:
 * Level 4.9 Fighting
 * Level 4.1 Axes
 * Level 5.0 Armour
 + Level 1.8 Dodging
 * Level 5.0 Shields


You had 5 spell levels left.
You didn't know any spells.
Your spell library was empty.

Dungeon Overview and Level Annotations

Branches:
Dungeon (3/15)

Altars:
Vehumet

Shops:
D:2 (


Innate Abilities, Weirdness & Mutations

You have a pair of horns on your head.
You reflexively headbutt those who attack you in melee.


Message History

Sundig's ghost hits you! Sundig's ghost barely misses you.
You barely miss Sundig's ghost. Sundig's ghost hits you.
Sundig's ghost hits you but does no damage.
You barely miss Sundig's ghost. You headbutt Sundig's ghost.
Sundig's ghost is lightly damaged.
Sundig's ghost hits you!
You slash Sundig's ghost!
Sundig's ghost is heavily damaged.
Sundig's ghost hits you but does no damage.
You barely miss Sundig's ghost.
Sundig's ghost is heavily damaged.
Sundig's ghost hits you! You block Sundig's ghost's attack.
You hit Sundig's ghost but do no damage.
Sundig's ghost is heavily damaged.
Sundig's ghost hits you!
* * * LOW HITPOINT WARNING * * *
You slash Sundig's ghost! You headbutt Sundig's ghost.
Sundig's ghost is almost destroyed.
Sundig's ghost barely misses you. You furiously retaliate!
You headbutt Sundig's ghost!
You destroy Sundig's ghost!
Your Axes skill increases to level 4!
Your Armour skill increases to level 5!
Your Shields skill increases to level 5!
You feel very mighty all of a sudden. You block the orc's attack.
You slash the orc!
You kill the orc!
The orc hits you but does no damage.
You slash the orc!
You kill the orc!
You slash the orc!
You kill the orc!
You have reached level 6!
Okay, then.
You slash the orc!
You kill the orc!
The orc priest calls down the wrath of Beogh upon you.
Beogh smites you!
You die...

################
##...ooo)@......##
##..##o8########..####
#..###..#.....8#.....#
#.## #oo#..##..#####.#
#.# #..#oo#8.. #.# #.#
#..#oo##. ##.## #.#
#..#.#... ##...##
#.####..'.#...
#.....####
#.#....)'.#.8.
#.........


You could see an orc priest and 3 orcs.

Vanquished Creatures
  The ghost of Sundig the Trooper, a weakling DgFi (D:3)
  An iguana (D:3)
  Natasha (twice) (D:3)
  Terence (D:2)
  Ijyb (D:3)
  An adder (D:2)
  A gnoll (D:1)
  3 worms (D:2)
  2 dart slugs (D:3)
  4 orcs (D:3)
  5 ball pythons
  5 bats
  4 endoplasms
  A giant cockroach (D:2)
  3 goblins
  8 hobgoblins
  6 jackals
  A quokka (D:3)
  A frilled lizard (D:2)
  4 kobolds
  6 rats
61 creatures vanquished.

Notes
Turn   | Place    | Note
-------+----------+-------------------------------------------
     0 | D:1      | sammy202020 the Minotaur Fighter began the quest for the
                  | Orb.
     0 | D:1      | Reached XP level 1. HP: 19/19 MP: 0/0
    59 | D:1      | Reached XP level 2. HP: 27/27 MP: 1/1
   615 | D:1      | Reached XP level 3. HP: 13/33 MP: 2/2
  1005 | D:2      | Found Ijeur's Weapon Shop.
  1135 | D:2      | Noticed Terence
  1140 | D:2      | Reached skill level 1 in Dodging
  1150 | D:2      | Killed Terence
  1151 | D:2      | Reached XP level 4. HP: 40/40 MP: 3/3
  1473 | D:3      | Noticed Natasha
  1483 | D:3      | Killed Natasha
  1592 | D:3      | Noticed Ijyb
  1632 | D:3      | Killed Ijyb
  1633 | D:3      | Reached XP level 5. HP: 40/47 MP: 4/4
  1666 | D:3      | Found a radiant altar of Vehumet.
  1897 | D:3      | Noticed Natasha
  1903 | D:3      | Killed Natasha
  1906 | D:3      | Found a runed translucent gate.
  1906 | D:3      | Noticed Sundig's ghost (weakling DgFi)
  1924 | D:3      | Found a runed translucent gate.
  1925 | D:3      | Found a runed translucent gate.
  1925 | D:3      | Identified the +1 short sword of Modesty {venom, Will+
                  | Str+3 Int+2}
  1925 | D:3      | Identified the +3 leather armour "Jukhlome" {rF+ rC+ Dex+2}
  1945 | D:3      | Killed Sundig's ghost
  1946 | D:3      | Reached skill level 5 in Armour
  1946 | D:3      | Reached skill level 5 in Shields
  1950 | D:3      | Reached XP level 6. HP: 11/55 MP: 5/5
  1950 | D:3      | Killed from afar by an orc priest

Illustrated notes

Levels and vault maps discovered:
D:1:      amcnicky_arrival_underground_garden, layout_basic, minmay_cut_off
D:2:      layout_basic, serial_shops, nicolae_shop_bloodbath_and_beyond,
          uniq_terence
D:3:      layout_loops_ring, lemuel_tele_altar, biasface_ghost_orc_armoury,
          nicolae_underground_beach, uniq_natasha, uniq_ijyb

Skill      XL: |  1  2  3  4  5 |
---------------+----------------+-----
Fighting       | 4 |  4.9
Axes           | 3 4 |  4.1
Armour         | 4 5 |  5.0
Shields        | 4 5 |  5.0
Dodging        | 1 |  1.8

Action                     |  1- 3 |  4- 6 || total
---------------------------+-------+-------++-------
  Melee: War axe           |    73 |    76 ||   149
         Headbutt          |     7 |    13 ||    20
         Unarmed           |       |    27 ||    27
    Use: Scroll            |     1 |       ||     1
         Potion            |       |     1 ||     1
 Armour: Scale mail        |    46 |    42 ||    88
         Skin              |    11 |    17 ||    28
  Dodge: Dodged            |    15 |    43 ||    58
  Block: Buckler           |    12 |    20 ||    32

Table legend: (Time is in decaauts)
 A = Elapsed time spent in this place.
 B = Non-inter-level travel time spent in this place.
 C = Inter-level travel time spent in this place.
 D = Time resting spent in this place.
 E = Time spent auto-exploring this place.
 F = Levels seen in this place.
 G = Mean time per level.
                   A        B        C        D        E       F      G
               +--------+--------+--------+--------+--------+-----+--------+
         Total |   2002 |   2002 |      0 |      0 |   1527 |   3 |  667.3 |
       Dungeon |   2002 |   2002 |      0 |      0 |   1527 |   3 |  667.3 |
               +--------+--------+--------+--------+--------+-----+--------+

Top non-repeatable levels by time:
     D:1: 945 daAuts
     D:3: 685 daAuts
     D:2: 371 daAuts
